| TOP OF THE 1ST |
|
Chicago White Sox batting - Pitching for Boston Red Sox : RHP Justin Whitesack
|
|
Pitching: RHP Justin Whitesack
|
|
|
Batting: RHB Dieter Knoops
|
0-0: Swinging Strike 0-1: Fly out, F8 (Line Drive, 8LM, EV 87.5 MPH)
|
|
Batting: SHB Gus Berry
|
0-0: Called Strike 0-1: Ball 1-1: Ball 2-1: SINGLE (Line Drive, 9LS, EV 109.4 MPH)
|
|
Batting: LHB Randy Rosenberry
|
0-0: Ball 1-0: Foul Ball, location: 2F 1-1: Called Strike 1-2: Ball 2-2: Foul Ball, location: 2F 2-2: Ball 3-2: TRIPLE (Line Drive, 8RXD, EV 103.1 MPH) Gus Berry scores
|
|
Batting: RHB Joseph Disepolo
|
0-0: Fly out, F8 (Flyball, 8LM, EV 90.6 MPH) Runner from 3rd tags up, SCORES, throw by CF
|
|
Batting: RHB Dietmar Warmisch
|
0-0: Ball 1-0: Ground out 6-3 (Groundball, 56D, EV 83.8 MPH)
|
| Top of the 1st over - 2 runs, 2 hits, 0 errors, 0 left on base; Chicago 2 - Boston 0 |
| BOTTOM OF THE 1ST |
|
Boston Red Sox batting - Pitching for Chicago White Sox : RHP Adam Ratcliff
|
|
Pitching: RHP Adam Ratcliff
|
|
|
Batting: RHB Alois Wollf
|
0-0: Swinging Strike 0-1: Fly out, F7 (Flyball, 7, EV 91.2 MPH)
|
|
Batting: RHB Cesar Breceda
|
0-0: Called Strike 0-1: Ball 1-1: Ball 2-1: Swinging Strike 2-2: Ball 3-2: Base on Balls
|
|
Batting: LHB Jarrett Mordecai
|
0-0: Ball 1-0: Called Strike 1-1: Foul Ball, location: 2F 1-2: Strikes out swinging
|
|
Batting: RHB David Price Jr.
|
0-0: Called Strike 0-1: Ball 1-1: Called Strike 1-2: Fly out, F4 (Flyball, 4D, EV 83.8 MPH)
|
| Bottom of the 1st over - 0 runs, 0 hits, 0 errors, 1 left on base; Chicago 2 - Boston 0 |
| TOP OF THE 2ND |
|
Chicago White Sox batting - Pitching for Boston Red Sox : RHP Justin Whitesack
|
|
Batting: RHB Brad Boals
|
0-0: Foul Ball, location: 2F 0-1: Foul Ball, location: 2F 0-2: Ball 1-2: Foul Ball, location: 2F 1-2: Strikes out looking
|
|
Batting: LHB Angel Tellez
|
0-0: Fly out, F9 (Flyball, 9LM, EV 72.5 MPH)
|
|
Batting: RHB Jon Solano
|
0-0: Foul Ball, location: 2F 0-1: Called Strike 0-2: Foul Ball, location: 2F 0-2: Ball 1-2: Ball 2-2: Strikes out swinging
|
| Top of the 2nd over - 0 runs, 0 hits, 0 errors, 0 left on base; Chicago 2 - Boston 0 |
| BOTTOM OF THE 2ND |
|
Boston Red Sox batting - Pitching for Chicago White Sox : RHP Adam Ratcliff
|
|
Batting: RHB Josh Froyd
|
0-0: Ball 1-0: Ball 2-0: Ball 3-0: Base on Balls
|
|
Batting: SHB Greg Shaw
|
0-0: Fly out, F8 (Flyball, 8RD, EV 107.5 MPH)
|
|
Batting: SHB Marvin Lawrence
|
0-0: Foul Ball, location: 2F 0-1: Ball 1-1: Fly out, F8 (Flyball, 8LD, EV 107.5 MPH)
|
|
Batting: LHB Zack Guillen
|
0-0: Foul Ball, location: 2F 0-1: Ball 1-1: Ball 2-1: Fly out, F7 (Line Drive, 7LM, EV 102.5 MPH)
|
| Bottom of the 2nd over - 0 runs, 0 hits, 0 errors, 1 left on base; Chicago 2 - Boston 0 |
| TOP OF THE 3RD |
|
Chicago White Sox batting - Pitching for Boston Red Sox : RHP Justin Whitesack
|
|
Batting: LHB Sidney Pedder
|
0-0: Swinging Strike 0-1: Ball 1-1: Called Strike 1-2: Ball 2-2: Fly out, F9 (Flyball, 9D, EV 94.4 MPH)
|
|
Batting: RHB Dieter Knoops
|
0-0: Called Strike 0-1: Ball 1-1: Ball 2-1: Fly out, F7 (Flyball, 7LD, EV 91.9 MPH)
|
|
Batting: SHB Gus Berry
|
0-0: Ball 1-0: Ball 2-0: Ball 3-0: Called Strike 3-1: Base on Balls
|
|
Batting: LHB Randy Rosenberry
|
0-0: Called Strike 0-1: SINGLE (Line Drive, 6D, EV 97.5 MPH) Gus Berry to second
|
|
Batting: RHB Joseph Disepolo
|
0-0: Called Strike 0-1: Foul Ball, location: 2F 0-2: Ball 1-2: Foul Ball, location: 2F 1-2: Strikes out swinging
|
| Top of the 3rd over - 0 runs, 1 hit, 0 errors, 2 left on base; Chicago 2 - Boston 0 |
| BOTTOM OF THE 3RD |
|
Boston Red Sox batting - Pitching for Chicago White Sox : RHP Adam Ratcliff
|
|
Batting: RHB Rodolfo Contreras
|
0-0: Fly out, F9 (Flyball, 9, EV 94.4 MPH)
|
|
Batting: RHB Alois Wollf
|
0-0: SINGLE (Line Drive, 8LS, EV 100.6 MPH)
|
|
Batting: RHB Cesar Breceda
|
0-0: Called Strike 0-1: Ball 1-1: Ground out 4-3 (Groundball, 34S, EV 85.6 MPH) Alois Wollf to second
|
|
Batting: LHB Jarrett Mordecai
|
0-0: Foul Ball, location: 2F 0-1: Swinging Strike 0-2: Strikes out swinging
|
| Bottom of the 3rd over - 0 runs, 1 hit, 0 errors, 1 left on base; Chicago 2 - Boston 0 |
| TOP OF THE 4TH |
|
Chicago White Sox batting - Pitching for Boston Red Sox : RHP Justin Whitesack
|
|
Batting: RHB Dietmar Warmisch
|
0-0: Foul Ball, location: 2F 0-1: Swinging Strike 0-2: Fly out, F4 (Popup, 6, EV 70.6 MPH)
|
|
Batting: RHB Brad Boals
|
0-0: Ball 1-0: Ball 2-0: Swinging Strike 2-1: Ball 3-1: Foul Ball, location: 2F 3-2: Base on Balls
|
|
Batting: LHB Angel Tellez
|
0-0: Ball 1-0: Foul Ball, location: 2F 1-1: Foul Ball, location: 2F 1-2: Grounds into double play, 4-6-3 (Groundball, 4, EV 90.0 MPH)
|
| Top of the 4th over - 0 runs, 0 hits, 0 errors, 0 left on base; Chicago 2 - Boston 0 |
| BOTTOM OF THE 4TH |
|
Boston Red Sox batting - Pitching for Chicago White Sox : RHP Adam Ratcliff
|
|
Batting: RHB David Price Jr.
|
0-0: Called Strike 0-1: Ground out 4-3 (Groundball, 4, EV 83.1 MPH)
|
|
Batting: RHB Josh Froyd
|
0-0: Called Strike 0-1: Ball 1-1: Ball 2-1: Called Strike 2-2: Ball 3-2: Strikes out swinging
|
|
Batting: SHB Greg Shaw
|
0-0: Ball 1-0: DOUBLE (Line Drive, 89D, EV 106.9 MPH)
|
|
Batting: SHB Marvin Lawrence
|
0-0: Ball 1-0: Called Strike 1-1: Ball 2-1: Swinging Strike 2-2: Fly out, F8 (Line Drive, 8RM, EV 99.4 MPH)
|
| Bottom of the 4th over - 0 runs, 1 hit, 0 errors, 1 left on base; Chicago 2 - Boston 0 |
| TOP OF THE 5TH |
|
Chicago White Sox batting - Pitching for Boston Red Sox : RHP Justin Whitesack
|
|
Batting: RHB Jon Solano
|
0-0: Ball 1-0: Ball 2-0: Ball 3-0: Called Strike 3-1: Called Strike 3-2: SINGLE (Line Drive, 6D, EV 108.1 MPH)
|
|
Batting: LHB Sidney Pedder
|
0-0: Called Strike 0-1: Foul Ball, location: 2F 0-2: Ball 1-2: Strikes out looking
|
|
Batting: RHB Dieter Knoops
|
0-0: Ball 1-0: Swinging Strike 1-1: Fly out, F8 (Flyball, 8RD, EV 96.9 MPH)
|
|
Batting: SHB Gus Berry
|
0-0: Called Strike Jon Solano is caught stealing 2nd base 2-6
|
| Top of the 5th over - 0 runs, 1 hit, 0 errors, 0 left on base; Chicago 2 - Boston 0 |
| BOTTOM OF THE 5TH |
|
Boston Red Sox batting - Pitching for Chicago White Sox : RHP Adam Ratcliff
|
|
Batting: LHB Zack Guillen
|
0-0: Ball 1-0: Called Strike 1-1: Foul Ball, location: 2F 1-2: Ball 2-2: DOUBLE (Line Drive, 78XD, EV 105.6 MPH)
|
|
Batting: RHB Rodolfo Contreras
|
0-0: Called Strike 0-1: Foul Ball, location: 2F 0-2: SINGLE (Line Drive, 56D, EV 104.4 MPH) Zack Guillen to third Runner from 3rd tries for Home, throw by LF and OUT! 7-2 Rodolfo Contreras to second
|
|
Batting: RHB Alois Wollf
|
0-0: Ball 1-0: Ball Wild Pitch! Rodolfo Contreras to third 2-0: Ball 3-0: Called Strike 3-1: Ground out 6-3 (Groundball, 6, EV 102.5 MPH) Rodolfo Contreras scores
|
|
Batting: RHB Cesar Breceda
|
0-0: Ball 1-0: Ball 2-0: Swinging Strike 2-1: Foul Ball, location: 2F 2-2: Fly out, F5 (Popup, 25, EV 95.0 MPH)
|
| Bottom of the 5th over - 1 run, 2 hits, 0 errors, 0 left on base; Chicago 2 - Boston 1 |
| TOP OF THE 6TH |
|
Chicago White Sox batting - Pitching for Boston Red Sox : RHP Justin Whitesack
|
|
Batting: SHB Gus Berry
|
0-0: Ball 1-0: Swinging Strike 1-1: Ball 2-1: Ball 3-1: Swinging Strike 3-2: Base on Balls
|
|
Batting: LHB Randy Rosenberry
|
0-0: Called Strike 0-1: Ball 1-1: Ball 2-1: Called Strike 2-2: Strikes out swinging
|
|
Batting: RHB Joseph Disepolo
|
0-0: Ball 1-0: DOUBLE (Flyball, 78D, EV 98.8 MPH) Gus Berry to third
|
|
Batting: RHB Dietmar Warmisch
|
0-0: Ball 1-0: Ball 2-0: Called Strike 2-1: Foul Ball, location: 2F 2-2: Foul Ball, location: 2F 2-2: Ball Wild Pitch! Gus Berry scores Joseph Disepolo to third 3-2: Fly out, F8 (Line Drive, 8RM, EV 85.6 MPH) Runner from 3rd tags up, SCORES, throw by CF
|
|
Batting: RHB Brad Boals
|
0-0: Ball 1-0: Ball 2-0: Ball 3-0: Called Strike 3-1: Foul Ball, location: 2F 3-2: Strikes out swinging
|
| Top of the 6th over - 2 runs, 1 hit, 0 errors, 0 left on base; Chicago 4 - Boston 1 |
| BOTTOM OF THE 6TH |
|
Boston Red Sox batting - Pitching for Chicago White Sox : RHP Adam Ratcliff
|
|
Batting: LHB Jarrett Mordecai
|
0-0: Swinging Strike 0-1: Foul Ball, location: 2F 0-2: Foul Ball, location: 2F 0-2: Ball 1-2: DOUBLE (Flyball, 8RXD, EV 92.5 MPH)
|
|
Batting: RHB David Price Jr.
|
0-0: Ball 1-0: Foul Ball, location: 2F 1-1: Swinging Strike 1-2: Ball 2-2: Foul Ball, location: 2F 2-2: SINGLE (Groundball, 6MD, EV 108.8 MPH) Jarrett Mordecai to third Runner from 3rd tries for Home, throw by CF and OUT! 8-2 David Price Jr. to second
|
|
Pitching: RHP Jacob Taylor
|
|
|
Batting: RHB Josh Froyd
|
0-0: Swinging Strike 0-1: Ball 1-1: Foul Ball, location: 2F 1-2: Ball 2-2: Ball 3-2: Base on Balls
|
|
Batting: SHB Greg Shaw
|
0-0: Called Strike 0-1: Foul Ball, location: 2F 0-2: Strikes out looking
|
|
Batting: SHB Marvin Lawrence
|
0-0: Foul Ball, location: 2F 0-1: Called Strike 0-2: Ball 1-2: Foul Ball, location: 2F 1-2: Foul Ball, location: 2F 1-2: Fly out, F8 (Flyball, 8RM, EV 88.8 MPH)
|
| Bottom of the 6th over - 0 runs, 2 hits, 0 errors, 2 left on base; Chicago 4 - Boston 1 |
| TOP OF THE 7TH |
|
Chicago White Sox batting - Pitching for Boston Red Sox : RHP Justin Whitesack
|
|
Pitching: RHP Elijah Daniels
|
|
|
Batting: LHB Angel Tellez
|
0-0: Called Strike 0-1: Ball 1-1: Called Strike 1-2: Ball 2-2: Ball 3-2: Foul Ball, location: 2F 3-2: Strikes out looking
|
|
Batting: RHB Jon Solano
|
0-0: Ball 1-0: Foul Ball, location: 2F 1-1: SINGLE (Line Drive, 78S, EV 86.2 MPH)
|
|
Batting: LHB Sidney Pedder
|
0-0: Swinging Strike 0-1: Ball 1-1: SINGLE (Groundball, 4S, EV 68.8 MPH) (infield hit) Jon Solano to second
|
|
Batting: RHB Dieter Knoops
|
0-0: Called Strike 0-1: Ball Jon Solano is caught stealing 3rd base 2-5 Sidney Pedder to second 1-1: Called Strike 1-2: Ball 2-2: Foul Ball, location: 2F 2-2: Ground out 6-3 (Groundball, 6, EV 95.6 MPH)
|
| Top of the 7th over - 0 runs, 2 hits, 0 errors, 1 left on base; Chicago 4 - Boston 1 |
| BOTTOM OF THE 7TH |
|
Boston Red Sox batting - Pitching for Chicago White Sox : RHP Jacob Taylor
|
|
Pitching: RHP Riso Profanter
|
|
|
Batting: LHB Zack Guillen
|
0-0: Foul Ball, location: 2F 0-1: Ball 1-1: Foul Ball, location: 2F 1-2: Strikes out swinging
|
|
Batting: RHB Rodolfo Contreras
|
0-0: Called Strike 0-1: Ball 1-1: Ball 2-1: Fly out, F7 (Flyball, 78S, EV 95.0 MPH)
|
|
Batting: RHB Alois Wollf
|
0-0: Ball 1-0: Fly out, F9 (Flyball, 9D, EV 92.5 MPH)
|
| Bottom of the 7th over - 0 runs, 0 hits, 0 errors, 0 left on base; Chicago 4 - Boston 1 |
| TOP OF THE 8TH |
|
Chicago White Sox batting - Pitching for Boston Red Sox : RHP Elijah Daniels
|
|
Batting: SHB Gus Berry
|
0-0: Called Strike 0-1: Ball 1-1: SINGLE (Groundball, 3S, EV 67.5 MPH) (infield hit)
|
|
Batting: LHB Randy Rosenberry
|
0-0: Ball 1-0: 2-RUN HOME RUN (Flyball, 8RXD, EV 104.4 MPH), Distance : 419 ft
|
|
Batting: RHB Joseph Disepolo
|
0-0: Ball 1-0: Foul Ball, location: 2F 1-1: Foul Ball, location: 2F 1-2: Ground out 5-3 (Groundball, 56, EV 82.5 MPH)
|
|
Batting: RHB Dietmar Warmisch
|
0-0: Called Strike 0-1: Ball 1-1: Ground out 6-3 (Groundball, 6, EV 85.0 MPH)
|
|
Pitching: LHP Adam Schneidewind
|
|
|
Batting: RHB Brad Boals
|
0-0: Foul Ball, location: 2F 0-1: Ball 1-1: SOLO HOME RUN (Flyball, 78XD, EV 114.4 MPH), Distance : 439 ft
|
|
Batting: LHB Angel Tellez
|
0-0: Called Strike 0-1: Swinging Strike 0-2: Strikes out looking
|
| Top of the 8th over - 3 runs, 3 hits, 0 errors, 0 left on base; Chicago 7 - Boston 1 |
| BOTTOM OF THE 8TH |
|
Boston Red Sox batting - Pitching for Chicago White Sox : RHP Riso Profanter
|
|
Batting: RHB Cesar Breceda
|
0-0: Hit by Pitch
|
|
Batting: LHB Jarrett Mordecai
|
0-0: DOUBLE (Line Drive, 8RXD, EV 106.2 MPH) Cesar Breceda to third
|
|
Batting: RHB David Price Jr.
|
0-0: Ball 1-0: Ball 2-0: Ball 3-0: Ground out 6-3 (Groundball, 6, EV 94.4 MPH) Cesar Breceda scores
|
|
Pinch Hitting: LHB Kevin McCormic Jr.
|
0-0: Ball 1-0: Called Strike 1-1: Called Strike 1-2: Ball Wild Pitch! Jarrett Mordecai to third 2-2: Fly out, F7 (Line Drive, 7, EV 90.0 MPH) Runner from 3rd tags up, SCORES, throw by LF
|
|
Batting: SHB Greg Shaw
|
0-0: Foul Ball, location: 2F 0-1: Ball 1-1: Ball 2-1: Fly out, F8 (Flyball, 78M, EV 94.4 MPH)
|
| Bottom of the 8th over - 2 runs, 1 hit, 0 errors, 0 left on base; Chicago 7 - Boston 3 |
| TOP OF THE 9TH |
|
Chicago White Sox batting - Pitching for Boston Red Sox : LHP Adam Schneidewind
|
|
Now at 2B: Willie Koviak
|
|
|
Batting: RHB Jon Solano
|
0-0: Swinging Strike 0-1: Ball 1-1: Swinging Strike 1-2: Ground out 5-3 (Groundball, 5, EV 106.2 MPH)
|
|
Batting: LHB Sidney Pedder
|
0-0: Ball 1-0: Called Strike 1-1: Ball 2-1: SINGLE (Groundball, 34D, EV 101.9 MPH)
|
|
Batting: RHB Dieter Knoops
|
0-0: Called Strike 0-1: Called Strike 0-2: Ball 1-2: Ball 2-2: Ball 3-2: Fly out, F9 (Line Drive, 9D, EV 94.4 MPH)
|
|
Batting: SHB Gus Berry
|
0-0: Ball Sidney Pedder steals 2nd base 1-0: Foul Ball, location: 2F 1-1: Ball 2-1: Foul Ball, location: 2F 2-2: Fly out, F7 (Flyball, 78S, EV 88.1 MPH)
|
| Top of the 9th over - 0 runs, 1 hit, 0 errors, 1 left on base; Chicago 7 - Boston 3 |
| BOTTOM OF THE 9TH |
|
Boston Red Sox batting - Pitching for Chicago White Sox : RHP Riso Profanter
|
|
Batting: SHB Marvin Lawrence
|
0-0: Called Strike 0-1: Swinging Strike 0-2: Ball 1-2: Strikes out swinging
|
|
Batting: LHB Zack Guillen
|
0-0: Called Strike 0-1: Ground out 6-3 (Groundball, 6, EV 79.4 MPH)
|
|
Batting: RHB Rodolfo Contreras
|
0-0: Ball 1-0: Foul Ball, location: 2F 1-1: Fly out, F8 (Flyball, 8LXD, EV 106.2 MPH)
|
| Bottom of the 9th over - 0 runs, 0 hits, 0 errors, 0 left on base; Chicago 7 - Boston 3 |
|